AoeStats
← 他并不是一个笨比

Arena

508192524Analyzed
1v1 RM · 10d ago on Sep 21, 2026· 41m 35s· 2 players
Game mode
Random Map
Map size
Tiny (2 player)
Population
200
Speed
Normal
Resources
Standard
Victory
Conquest
Starting age
Dark Age
Ending age
Imperial Age
RankedLock teamsTeams togetherTeam positionsShared explorationLock speedFull tech treeHidden civsTurbo modeCheats
Victory
Defeat
🇩🇪 Burgundians · Germany
1078
+16
1069
-16
他并不是一个笨比
10:35 Feudal Age
14:39 Castle Age
12:36 Double-Bit Axe
13:04 Horse Collar
16:09 Bow Saw
19:08 Loom
20:01 Wheelbarrow
21:24 Gold Mining
23:28 Stone Mining
25:04 Gold Shaft Mining
28:30 Imperial Age
27:27 Heavy Plow
27:45 Bloodlines
27:36 Husbandry
27:59 Scale Barding Armor
28:05 Forging
28:14 Hand Cart
28:27 Light Cavalry
30:14 Chain Barding Armor
31:22 Chemistry
30:44 Conscription
31:36 Masonry
31:25 Hussar
33:42 Plate Barding Armor
37:13 Iron Casting
41:55 Blast Furnace
Da_Ch1LLa
4:12 Double-Bit Axe
10:49 Feudal Age
14:46 Castle Age
13:26 Bow Saw
13:39 Horse Collar
14:52 Gold Mining
18:11 Two-Man Saw
23:36 Stone Mining
28:02 Imperial Age
26:19 Wheelbarrow
25:30 Loom
26:02 Crossbowman
26:04 Elite Skirmisher
26:38 Fletching
26:50 Padded Archer Armor
26:50 Scale Mail Armor
28:36 Ballistics
29:05 Hand Cart
30:06 Chemistry
29:55 Gold Shaft Mining
29:58 Bodkin Arrow
33:20 Burgundian Vineyards
34:06 Heavy Plow
34:27 Leather Archer Armor
34:13 Bracer
34:24 Forging
34:20 Scale Barding Armor
36:29 Light Cavalry
40:10 Hussar
40:17 Pikeman
40:57 Squires
40:54 Cavalier
41:34 Husbandry
41:59 Chain Barding Armor
41:55 Chain Mail Armor
42:15 Iron Casting
Connection lost

Rejoining the realm…

Still unreachable

The connection could not be restored.

Session expired

The server has moved on; the page needs a fresh start.